 Crawl Stoat Soup version 0.23-ish-327-95-g181beea39d (console) character file.

213 hilarita the Chiller (level 5, -5/30 HPs)
             Began as a Gargoyle Ice Elementalist on Apr 6, 2024.
             Killed by divine providence
             ... invoked by an orc priest
              (11 damage)
             ... on level 4 of the Dungeon.
             The game lasted 00:09:37 (4117 turns).

hilarita the Chiller (Gargoyle Ice Elementalist)    Turns: 4117, Time: 00:09:37

Health: -5/30      AC:  6    Str: 14    XL:     5   Next: 90%
Magic:  2/9        EV: 11    Int: 16    God:
Gold:   153        SH:  0    Dex: 10    Spells: 3/9 levels left

rFire    + . .     SeeInvis .   d - +1 spear (flame)
rCold    . . .     Gourm    .   (no shield)
rNeg     + . .     Faith    .   a - +0 robe
rPois    ∞         Spirit   .   (no helmet)
rElec    +         Warding  .   (no cloak)
rCorr    .         Reflect  .   (no gloves)
MR       +....     Harm     .   (no boots)
Stlth    ++........             (no amulet)
HPRegen  0.10/turn              l - ring of protection from magic
MPRegen  0.11/turn              (no ring)

@: no status effects
A: fire resistance 1, negative energy resistance 1, electricity resistance,
strong 1, unbreathing, petrification resistance, rot immunity, AC +4
a: no special abilities


You were on level 4 of the Dungeon.
You were not hungry.

You visited 1 branch of the dungeon, and saw 4 of its levels.

You collected 153 gold pieces.

Inventory:

Hand Weapons
 d - a +1 spear of flaming (weapon)
 h - a +0 dagger
Missiles
 e - 56 stones (quivered)
 i - 58 arrows
Armour
 a - a +0 robe (worn)
 o - a +1 leather armour of cold resistance
Jewellery
 l - a ring of protection from magic (left hand)
Wands
 m - a wand of paralysis (9 charges)
Scrolls
 n - a scroll of remove curse
Potions
 b - a potion of resistance {unknown}
 g - 2 potions of heal wounds {unknown}
 j - a potion of agility {unknown}
 k - 4 potions of curing {unknown}
Comestibles
 c - 3 bread rations
 f - 3 chunks of flesh


   Skills:
 + Level 2.2 Fighting
 - Level 1.5 Dodging
 - Level 2.1 Stealth
 + Level 2.8 Spellcasting
 + Level 2.4 Conjurations
 + Level 1.2 Charms
 * Level 4.6 Ice Magic


You had 3 spell levels left.
You knew the following spells:

 Your Spells              Type           Power        Failure   Level  Hunger
a - Freeze                Ice            17/25        2%          1    #......
b - Throw Frost           Conj/Ice       13/50        7%          2    ##.....
c - Ozocubu's Armour      Chrm/Ice       11/100       17%         3    ###....

Your spell library contained the following spells:

 Spells                   Type           Power        Failure   Level  Hunger
 Throw Icicle             Conj/Ice       13/100       41%         4    #####..
 Summon Ice Beast         Ice/Summ       9/100        58%         4    #####..


Dungeon Overview and Level Annotations

Branches:
Dungeon (4/15)
 Temple: D:4-7

Altars:
Kikubaaqudgha
The Shining One


Innate Abilities, Weirdness & Mutations

You are resistant to torment.
Your stone body is resilient. (AC +4)
You are immune to poison.
You resist negative energy. (rN+)
You are resistant to electric shocks. (rElec)
You can survive without breathing.
You are immune to petrification.
You are immune to rotting.
Your flesh is heat resistant. (rF+)
Your muscles are strong. (Str +2)


Message History

The orc priest is moderately wounded.
Casting: Freeze (safe; 2% risk of failure)
Confirm with . or Enter, or press ? or * to list all spells.
Aiming: Freeze (safe; 2% risk of failure)
Press: ? - help, Shift-Dir - straight line, f/p - orc priest
Aim: an orc priest, wielding a club and wearing a chain mail (moderately wounded)
You freeze the orc priest.
The orc priest is heavily wounded.
The orc priest hits you with a club.
* * * LOW HITPOINT WARNING * * *
Casting: Freeze (safe; 2% risk of failure)
Confirm with . or Enter, or press ? or * to list all spells.
Aiming: Freeze (safe; 2% risk of failure)
Press: ? - help, Shift-Dir - straight line, f/p - orc priest
Aim: an orc priest, wielding a club and wearing a chain mail (heavily wounded)
You freeze the orc priest.
The orc priest is almost dead.
The orc priest calls down the wrath of Beogh upon you.
Beogh smites you!
You die...

..# ##.#########.##
#..#.......#..
#..##."_..##.# #
#..........PP## #
#..........PP.# ### #
#..P.P###.....##.....
#####...P.#P....@oo...#
.........P..P...o####.#
##.###......P....# ##.#
#.##..P#<#### ##.#
#.######.# ##.# #.# ..#
...###.#####.##
............. #...<..##
##.##### ##.#


You could see 2 orc priests and an orc.

Vanquished Creatures
  An orc wizard (D:4)
  A worker ant (D:4)
  6 adders (D:2)
  An ooze (D:3)
  2 worms
  5 dart slugs
  2 leopard geckos (D:2)
  9 orcs
  8 giant cockroaches
  8 goblins
  5 hobgoblins
  2 kobolds (D:2)
  2 weasels (D:2)
  A ball python (D:3)
  12 bats
  2 frilled lizards
  20 rats
87 creatures vanquished.

Notes
Turn   | Place    | Note
-------+----------+-------------------------------------------
     0 | D:1      | hilarita the Gargoyle Ice Elementalist began the quest for
                  | the Orb.
     0 | D:1      | Reached XP level 1. HP: 10/10 MP: 3/3
   261 | D:1      | Reached XP level 2. HP: 8/16 MP: 0/5
   348 | D:1      | Learned a level 2 spell: Throw Frost
   732 | D:1      | Reached skill level 1 in Fighting
   801 | D:1      | Reached XP level 3. HP: 17/20 MP: 3/6
   811 | D:1      | Learned a level 3 spell: Ozocubu's Armour
  1410 | D:2      | Reached XP level 4. HP: 25/25 MP: 5/7
  1694 | D:2      | Reached skill level 4 in Ice Magic
  2715 | D:2      | Reached XP level 5. HP: 29/30 MP: 6/8
  3055 | D:3      | Found a glowing golden altar of the Shining One.
  3238 | D:3      | Reached skill level 1 in Charms
  3551 | D:3      | Gained mutation: You are frail. (-10% HP) [potion of
                  | mutation]
  3551 | D:3      | Gained mutation: Your magical capacity is low. (-10% MP)
                  | [potion of mutation]
  3551 | D:3      | Gained mutation: Your digestive system is specialised to
                  | digest meat. [potion of mutation]
  3552 | D:3      | Lost mutation: Your magical capacity is low. (-10% MP)
                  | [potion of mutation]
  3552 | D:3      | Lost mutation: Your digestive system is specialised to
                  | digest meat. [potion of mutation]
  3552 | D:3      | Lost mutation: You are frail. (-10% HP) [potion of
                  | mutation]
  3552 | D:3      | Gained mutation: You expend magic power (3 MP) to
                  | strengthen your wands. [potion of mutation]
  3552 | D:3      | Gained mutation: You are resistant to hostile enchantments.
                  | (MR+) [potion of mutation]
  3553 | D:3      | Lost mutation: You are resistant to hostile enchantments.
                  | (MR+) [potion of mutation]
  3553 | D:3      | Lost mutation: You expend magic power (3 MP) to strengthen
                  | your wands. [potion of mutation]
  3553 | D:3      | Gained mutation: Your muscles are strong. (Str +2) [potion
                  | of mutation]
  3553 | D:3      | Gained mutation: Your flesh is heat resistant. (rF+)
                  | [potion of mutation]
  4093 | D:4      | Found an ancient bone altar of Kikubaaqudgha.
  4117 | D:4      | Killed from afar by an orc priest

Vault maps used:
D:1:      erik_arrival_orb_chamber
D:2:      first_bread
D:3:      nicolae_tso_carved_into_rock
D:4:      overflow_temple_1_default, xom_butterflies, kiku_gazebo_garden_becter,
          minitemple, gup_sewer_entry_pipe

Skill      XL: |  1  2  3  4  5 |
---------------+----------------+-----
Fighting       | 1 2 |  2.2
Ice Magic      | 4 |  4.6
Conjurations   | 2 |  2.4
Charms         | 1 |  1.2
Dodging        | |  1.5
Stealth        | |  2.1
Spellcasting   | |  2.8

Action                   |  1- 3 |  4- 6 || total
-------------------------+-------+-------++-------
Melee: Unarmed           |    29 |       ||    29
       Spear             |       |    64 ||    64
 Cast: Freeze            |    50 |    70 ||   120
       Throw Frost       |       |     1 ||     1
  Use: Scroll            |     1 |     5 ||     6
       Potion            |       |     3 ||     3
 Stab: Sleeping          |       |     2 ||     2
       Distracted        |       |     1 ||     1
  Eat: Chunk             |     2 |     9 ||    11
Armor: Robe              |    12 |    29 ||    41
Dodge: Dodged            |    32 |    45 ||    77

Table legend:
 A = Spawn XP
 B = Non-spawn XP
 C = Spawn XP percentage of total XP
 D = Spawn monster count
 E = Non-spawn monster count
 F = Spawn count percentage of total count
 G = Total turns spent on level
                    A         B        C        D         E        F      G
               +---------+---------+-------+---------+---------+-------+---------
         Total |      35 |     270 |  11.5 |      16 |      71 |  18.4 |  4117
               +---------+---------+-------+---------+---------+-------+---------
           D:1 |       5 |      40 |  11.1 |       3 |      24 |  11.1 |  1111
           D:2 |       9 |     115 |   7.3 |       7 |      24 |  22.6 |  1821
           D:3 |      21 |      36 |  36.8 |       6 |      18 |  25.0 |  1076
           D:4 |       0 |      79 |   0.0 |       0 |       5 |   0.0 |   109
               +---------+---------+-------+---------+---------+-------+---------
